← All builds
Tech / Armada / Economy first / OBSERVED BUILD

Standard tech

Armada Tech (Eco) build order · Supreme Isthmus

Rushes T2 by 4:15, gets Advanced Metal Extractor around 5:28, hands off T2 constructors to Geo and the team, then scales eco and supplies the team's T2 needs through the rest of the game.

Usually first T2 con to Geo (83%)

#eco #t2 #team support · 1579 distinct matches · 255 players · 58% of Armada Tech games · team won 53% of 1874 · Recently observed

HOW TO PLAY IT

Key timing: T2 factory by 4:15

  1. Open 3 mex and heavy wind to fund a fast T2 rush.
  2. Put down Bot Lab, planning to eat it for reclaim soon after.
  3. Get Advanced Bot Lab up, hitting the T2 factory rush timing.
  4. Upgrade mex to Advanced Metal Extractor to lock in team metal income.
  5. Eat Advanced Bot Lab and keep sending cons to Geo and Pond.

Phase by phase

TYPICAL OF ITS 1579 GAMES
  1. 1
  2. 2
  3. 3
  4. 4
PLAY THE OPENING

Follow the example game's first 6:00 step by step: what to build now, what comes next, and where it goes. At 1× it keeps pace with your own game.

  1. 1

    Up to the Bot Lab

    Economy
    • Metal Extractor3Mex
    • Wind Turbine4Wind
    Order
    1. Bot LabBot Lab after 3 mex, 4 winddone ~1:18, middle half 1:13–1:32

    Some games also: energy storage (31%)

    By 1:01 in all: 3 mex · 4 wind

    The example game in this phase · 3 steps
    1. Mex ×3
    2. Wind ×4
    3. Bot LabBot Labdone 1:14 · typical 1:18
  2. 2

    Bot Lab to Advanced Bot Lab

    Economy
    • Metal Extractor1Mex
    • Wind Turbine8Wind
    • Energy Storage1Energy storage
    Order
    1. Advanced Bot LabAdvanced Bot Lab after 4 mex, 12 wind, 3 con turretdone ~4:16, middle half 4:04–4:30
    Builders
    • Construction Turret3 Con turret
    • Lazarus3 Lazarus
    • Construction Bot2 Con bot
    • Construction Bot1 Con bot for allies

    Some games also: converter (36%)

    By 3:18 in all: 4 mex · 12 wind · 1 energy storage · 3 con turret

    The example game in this phase · 11 steps
    1. LazarusLazarus ×3
    2. Wind
    3. LazarusLazarus
    4. Construction BotCon botfor Air
    5. Energy storage
    6. Construction BotCon bot ×2
    7. LazarusLazarus
    8. Wind
    9. Con turret ×2
    10. Mex
    11. Advanced Bot LabAdvanced Bot Labdone 4:21 · typical 4:16
  3. 3

    Advanced Bot Lab to 5:00

    Economy
    • Wind Turbine3Wind
    Order
    1. Bot LabEat Bot Lab
    Builders
    • Advanced Construction Bot1 T2 con bot for allies

    Some games also: converter (35%)

    By 5:00 in all: 4 mex · 15 wind · 1 converter · 1 energy storage · 3 con turret

    The example game in this phase · 7 steps
    1. Wind ×3
    2. Bot LabEat Bot Labreclaimed for its metal
    3. Wind ×6
    4. Advanced Construction BotT2 con bot ×2for Geo
    5. Wind
    6. Energy storage
    7. Wind
  4. 4

    5:00 to 10:00

    Economy
    • Wind Turbine43Wind
    • Energy Converter6Converter
    Builders
    • Butler9 Butler
    • Advanced Construction Bot4 T2 con bot for allies
    • Advanced Construction Bot1 T2 con bot

    Some games also: con turret (43%) · Butler for allies (36%)

    By 10:00 in all: 4 mex · 58 wind · 8 converter · 1 energy storage · 3 con turret

    The example game in this phase · 193 steps
    1. Wind
    2. Converter
    3. Wind
    4. Converter
    5. Advanced Metal ExtractorT2 mexdone 6:34 · typical 5:29
    6. Converter ×2
    7. Wind
    8. Advanced Metal ExtractorT2 mex
    9. Advanced Construction BotT2 con botfor Geo sea
    10. Advanced Metal ExtractorT2 mex
    11. Wind
    12. ButlerButler
    13. Wind
    14. ButlerButler
    15. Advanced Metal ExtractorT2 mex
    16. Wind
    17. ButlerButler ×3
    18. Wind
    19. ButlerButler
    20. Wind
    21. SharpshooterSniper botfor Ponddone 8:17
    22. Wind ×11
    23. SharpshooterSniper botfor Pond
    24. Wind ×10
    25. Converter
    26. Wind ×17
    27. Converter
    28. Wind ×4
    29. Advanced Construction BotT2 con botfor Beach sea
    30. Wind ×2
    31. Converter
    32. Wind ×5
    33. Advanced Construction BotT2 con botfor Pond
    34. Wind ×3
    35. Converter
    36. Wind ×7
    37. Converter
    38. Wind ×2
    39. ButlerButlerfor Geo sea
    40. Wind ×2
    41. Converter
    42. Wind ×2
    43. ButlerButlerfor Beach sea
    44. Wind ×4
    45. ButlerButler
    46. Wind ×4
    47. ButlerButler
    48. Wind ×13
    49. ButlerButler
    50. Wind ×4
    51. ButlerButler
    52. Wind ×8
    53. ButlerButler
    54. Wind ×6
    55. Converter
    56. ButlerButler
    57. Wind ×4
    58. UmbrellaAnti-nukedone 11:56
    59. Wind
    60. Converter
    61. Wind ×7
    62. Converter
    63. Wind ×8
    64. Converter
    65. Wind ×6
    66. Converter
    67. Wind ×8
    68. Converter
    69. Wind ×6
    70. Converter
    71. Advanced Construction BotT2 con bot
    72. Wind ×7
    73. Con turret
    74. Wind ×3
    75. Converter
    76. Wind ×6
    77. Converter
    78. Wind ×4
    79. Con turret
    80. Wind ×5
    81. Converter ×2
    82. Wind ×8
    83. Converter
    84. Wind ×2
    85. Con turret
    86. Wind ×6
    87. Converter
    88. Wind ×3
    89. Con turret
    90. Wind
    91. Converter
    92. Wind ×4
    93. Converter
    94. Wind ×2
    95. Vehicle PlantVehicle Plantdone 13:37
    96. Wind ×2
    97. Metal storage
    98. Wind ×3
    99. Converter
    100. Wind ×8
    101. Converter
    102. Wind ×4
    103. Vehicle PlantVehicle Plantdone 13:40
    104. Wind ×5
    105. Converter
    106. Wind ×2
    107. Advanced Bot LabEat Advanced Bot Labreclaimed for its metal
    108. Wind ×4
    109. BlitzBlitz
    110. Wind
    111. Converter
    112. Wind ×3
    113. BlitzBlitz
    114. Wind ×2
    115. BlitzBlitz ×2
    116. Wind ×3
    117. BlitzBlitz ×2
    118. Wind
    119. Converter
    120. BlitzBlitz
    121. Wind
    122. BlitzBlitz
    123. Wind ×3
    124. BlitzBlitz ×2
    125. Wind
    126. BlitzBlitz
    127. Wind
    128. BlitzBlitz
    129. Wind ×3
    130. BlitzBlitz
    131. Converter
    132. Wind
    133. BlitzBlitz ×2
    134. Wind
    135. BlitzBlitz
    136. Wind ×3
    137. BlitzBlitz ×2
    138. Wind
    139. BlitzBlitz
    140. Wind
    141. Converter
    142. BlitzBlitz
    143. Wind ×3
    144. BlitzBlitz ×2
    145. Wind
    146. BlitzBlitz
    147. Wind
    148. BlitzBlitz
    149. Wind ×2
    150. BlitzBlitz
    151. Wind
    152. Converter
    153. BlitzBlitz
    154. Wind
    155. BlitzBlitz
    156. Wind
    157. BlitzBlitz
    158. Wind ×2
    159. BlitzBlitz
    160. Wind ×2
    161. BlitzBlitz ×2
    162. Wind
    163. BlitzBlitz
    164. Wind
    165. Converter
    166. BlitzBlitz
    167. Wind ×3
    168. BlitzBlitz ×2
    169. Wind
    170. BlitzBlitz
    171. Wind
    172. BlitzBlitz
    173. Wind ×3
    174. BlitzBlitz ×2
    175. Converter
    176. Wind ×2
    177. BlitzBlitz
    178. Wind ×3
    179. BlitzBlitz
    180. Wind ×2
    181. BlitzBlitz
    182. Wind ×2
    183. Converter
    184. Wind
    185. BlitzBlitz
    186. Wind ×2
    187. BlitzBlitz
    188. Wind ×3
    189. BlitzBlitz
    190. Converter
    191. Wind
    192. BlitzBlitz
    193. Wind ×3

Counts are medians over the build's games: half of them build more, half fewer. The example game is zimt's (31 OS, 27/08/2026); pick another.

Team trades

IN AT LEAST 30% OF ITS GAMES

You hand over

  • Construction Bot1 Con bot to Airfirst at 2:23 · in 84% of games
  • Advanced Construction Bot5 T2 con bot to Air or Geo sea or Pondfirst at 4:50 · in 99% of games
  • Butler2 Butler to Geo sea or Beach sea or Pondfirst at 9:07 · in 42% of games

You get

  • Hercules1 Light transport from Airfirst at 4:01 · in 86% of games

How it plays out

Typical game of this build, running totals by minute

Metal produced

020k40k
0:005:0010:0015:00

metal

Enemy metal destroyed

050100
0:005:0010:0015:00

metal

Own metal lost

050100150
0:005:0010:0015:00

metal

1874 games.

Show as table
ByMetal produced: This buildEnemy metal destroyed: This buildOwn metal lost: This build
1:0038300
2:0091500
3:00165100
4:00314400
5:00484700
6:00580000
7:00722700
8:00906100
9:001117300
10:001350300
11:001624200
12:001965600
13:002344500
14:0027362073
15:003154285130
WHAT THE NUMBERS SAY

Standard Tech play barely fights at all early, instead pouring metal into T2 infrastructure and constructors for the team.

  • + Metal produced hits 31679 by 15:00, by far the highest of any role here.
  • + T2 factory reached in 97% of games by 4:15, fastest and most reliable T2 timing.
  • − Enemy metal destroyed stays at 0 through 10:00, no early offense at all.
  • − Own metal lost also near 0, showing total avoidance of combat risk.
THE EXAMPLE YOU ARE READING

zimt

30.8 OS · 27/08/2026

Open source match ↗

1 received units
3454 metal received · 71007 energy received

Allied construction assistance is unknown. Timings are observations, not a promise of solo reproducibility.

Typical milestones

Bot Lab1:18Middle 50%: 1:13–1:32 · n=1874
Advanced Bot Lab4:16Middle 50%: 4:04–4:30 · n=1867
Advanced Metal Extractor5:29Middle 50%: 5:05–5:59 · n=1870

Played most by

Amrissa93games of this buildTheGeneraI66games of this buildAdeus57games of this buildEl_Turco56games of this buildKOT_43games of this build